 Dungeon Crawl Stone Soup version 0.31.0-11-ge490571c62 (webtiles) character file.

Game seed: 11005719754323719796

1620 ezpacito the Chopper (level 8, 0/91 HPs)
             Began as a Demonspawn Berserker on Jan 30, 2024.
             Was a Priest of Trog.
             Succumbed to a queen bee's poison
             ... on level 6 of the Dungeon.
             The game lasted 00:07:31 (5769 turns).

ezpacito the Chopper (Demonspawn Berserker)         Turns: 5769, Time: 00:07:31

Health: 0/91       AC: 16    Str: 23    XL:     8   Next: 64%
Magic:  8/8        EV: 12    Int: 14    God:    Trog [***...]
Gold:   310        SH:  0    Dex: 14    Spells: 7/7 levels left

rFire   . . .        a - +0 hand axe
rCold   . . .        (no shield)
rNeg    . . .        m - +2 ring mail {Will+}
rPois   .            F - +1 helmet "Xivel" {Int+5}
rElec   .            (no cloak)
rCorr   .            (no gloves)
SInv    .            (no boots)
Will    +....        (no amulet) Stlth
                     E - +6 ring of strength
HPRegen 0.35/turn    (no ring)
MPRegen 0.22/turn

%: no passive effects
@: berserking (expiring), lethally poisoned (0 -> -34), sanguine armoured, very
quick
A: hooves 2, magic regeneration, sanguine armour 1
a: Renounce Religion, Berserk, Trog's Hand


You were on level 6 of the Dungeon.
You worshipped Trog.
Trog was most pleased with you.
You visited 2 branches of the dungeon, and saw 7 of its levels.

You collected 310 gold pieces.

Inventory:

Hand Weapons
 a - a +0 hand axe (weapon)
 e - a +2 dagger of draining
 g - a +0 sling
 h - a +1 dagger of venom
 s - a +1 dagger of speed
 v - a +1 great sword of electrocution
 G - a +2 mace
 H - a +2 heavy scimitar
Missiles
 f - 5 atropa-tipped darts (quivered)
 i - 47 stones
 t - 5 poisoned darts
 C - 4 javelins
Armour
 m - a +2 ring mail of willpower (worn)
 y - a +0 chain mail
 F - the +1 helmet "Xivel" (worn) {Int+5}
   (You found it on level 5 of the Dungeon)

   Int+5:     It affects your intelligence (+5).
Jewellery
 E - a +6 ring of strength (left hand)
Wands
 p - a wand of digging (7)
 B - a wand of roots (8)
Scrolls
 b - a scroll of noise
 c - 2 scrolls of revelation
 n - 2 scrolls of teleportation
 r - 2 scrolls of poison {unknown}
 u - 2 scrolls of fog {unknown}
 z - a scroll of butterflies {unknown}
 I - a scroll of amnesia {unknown}
Potions
 d - a potion of enlightenment {unknown}
 j - a potion of berserk rage {unknown}
 k - a potion of mutation {unknown}
 l - 3 potions of degeneration {unknown}
 o - a potion of curing {unknown}
 q - 2 potions of haste
 w - a potion of heal wounds {unknown}
 x - a potion of lignification {unknown}
 A - a potion of might {unknown}
 D - a potion of cancellation {unknown}


   Skills:
 * Level 4.7 Fighting
 * Level 2.3 Short Blades
 * Level 5.8 Axes
 * Level 2.2 Ranged Weapons
 * Level 2.2 Throwing
 * Level 4.3 Armour
 * Level 3.3 Dodging
 * Level 2.8 Stealth
 * Level 2.4 Unarmed Combat


You had 7 spell levels left.
You didn't know any spells.
Your spell library contained the following spells:

 Spells                   Type           Power      Damage    Failure   Level
 Apportation              Tloc           0%         N/A       41%         1
 Necrotise                Necr           0%         1d4       41%         1
 Sting                    Conj/Alch      0%         1d3       41%         1
 Summon Small Mammal      Summ           0%         N/A       41%         1
 Vhi's Electric Charge    Tloc/Air       0%         N/A       99%         4
 Disjunction              Tloc           0%         N/A       100%        8


Dungeon Overview and Level Annotations

Branches:
Dungeon (6/15)             Temple (1/1) D:6

Altars:
Ashenzari
Cheibriados
Dithmenos
Fedhas
Gozag
Hepliaklqana
Kikubaaqudgha
Makhleb
Okawaru
Qazlal
Ru
Sif Muna
Trog
Uskayaw
Vehumet
Wu Jian
Xom
Yredelemnul

Shops:
D:2 (

Annotations:
D:6 1 transporter, Urdicil's ghost, novice TrSh


Innate Abilities, Weirdness & Mutations

You have hoof-like feet.
You regenerate magic rapidly.
When seriously injured, your blood forms armour. (AC +6)


Message History

The killer bee stings you but does no damage. x2
The hornet barely misses you. The killer bee misses you.
Urdicil's ghost closely misses you. The queen bee stings you.
Unknown command.
You are too berserk!
The killer bee buzzes angrily.
You hit the queen bee.
The queen bee is lightly wounded.
You hit Urdicil's ghost. You barely miss the killer bee.
You closely miss the hornet.
You feel yourself speed up.
You feel very sick. The killer bee closely misses you. The hornet stings you!
* * * LOW HITPOINT WARNING * * *
You are lethally poisoned!
You feel yourself slow down. The killer bee barely misses you.
The hornet misses you.
The killer bee stings you but does no damage.
Urdicil's ghost hits you.
* * * LOW HITPOINT WARNING * * *
The queen bee barely misses you.
You hit the queen bee but do no damage.
The queen bee is lightly wounded.
You barely miss the killer bee. You slash the hornet! You hit Urdicil's ghost.
You feel yourself speed up.
* * * LOW HITPOINT WARNING * * *
You feel very sick. The killer bee misses you.
The killer bee barely misses you. The hornet barely misses you.
The killer bee stings you but does no damage.
Urdicil's ghost wails.
Urdicil's ghost barely misses you. The queen bee stings you.
* * * LOW HITPOINT WARNING * * *
You are more poisoned.
The queen bee poisons you!
You barely miss the queen bee. Your kick misses the queen bee.
The queen bee is lightly wounded.
You barely miss the killer bee. You hit the hornet but do no damage.
You barely miss Urdicil's ghost.
You die...

.........###.###..#.#
##......#########...#
##.....###.###.###..#
##.....##...#...##..#
##.....##.#.#.####..#
.......##...#...##..#
.......#.#.#.#y#y#..#
....<..#y.#.y.#yW#..#
....#.©#yy#.#.#y@#©.#
....##.#y.#...#y.#.##
.......#(#.#.#y#.#.#
>#.....##...#...##.#
.......##.###.#.##.#
...#.#.##.!.#...##.#
.......###W###.###.#
.......)#########..#
.##......###.###..##


You could see a queen bee, a hornet, 4 killer bees and Urdicil's ghost.

Vanquished Creatures
  A hornet (D:4)
  Duvessa (D:4)
  A black bear (D:4)
  An ogre (D:5)
  A phantom (D:6)
  3 scorpions
  4 wights (D:6)
  Dowan (D:4)
  A killer bee (D:6)
  A jelly (D:6)
  2 bombardier beetles
  4 hounds
  8 iguanas (D:5)
  Terence (D:3)
  An orc wizard (D:5)
  5 adders
  2 dart slugs (D:1)
  3 ribbon worms
  8 orcs
  4 ball pythons
  5 bats
  6 endoplasms
  4 giant cockroaches
  7 goblins
  10 hobgoblins
  11 kobolds
  A quokka (D:1)
  7 frilled lizards
104 creatures vanquished.

Notes
Turn   | Place    | Note
-------+----------+-------------------------------------------
     0 | D:1      | ezpacito the Demonspawn Berserker began the quest for the
                  | Orb.
     0 | D:1      | Reached XP level 1. HP: 18/18 MP: 1/1
   267 | D:1      | Gained mutation: You have large cloven feet. [demonic
                  | ancestry]
   267 | D:1      | Reached XP level 2. HP: 24/24 MP: 2/2
   341 | D:1      | Reached skill level 3 in Axes
   734 | D:1      | Reached XP level 3. HP: 25/29 MP: 3/3
  1739 | D:2      | Found Hunattirr's Antique Weapon Shop.
  1989 | D:3      | Noticed Terence
  1992 | D:3      | Reached ** piety under Trog
  1993 | D:3      | Reached XP level 4. HP: 35/35 MP: 4/4
  1997 | D:3      | Killed Terence
  1998 | D:3      | Reached skill level 1 in Stealth
  2343 | D:3      | Found a snail-covered altar of Cheibriados.
  2351 | D:3      | Found a shadowy altar of Dithmenos.
  2424 | D:3      | Found a shimmering altar of Xom.
  2690 | D:4      | Noticed a black bear
  2705 | D:4      | Killed a black bear
  2706 | D:4      | Reached skill level 1 in Unarmed Combat
  2706 | D:4      | Gained mutation: When seriously injured, your blood forms
                  | armour. (AC +6) [demonic ancestry]
  2706 | D:4      | Reached XP level 5. HP: 8/42 MP: 5/5
  2950 | D:4      | Reached skill level 1 in Throwing
  3047 | D:4      | Reached skill level 4 in Axes
  3047 | D:4      | Reached XP level 6. HP: 48/48 MP: 6/6
  3131 | D:4      | Reached skill level 1 in Short Blades
  3302 | D:4      | Found an ornate altar of the Wu Jian Council.
  3406 | D:4      | Noticed Duvessa
  3406 | D:4      | Noticed Dowan
  3418 | D:4      | Reached skill level 1 in Ranged Weapons
  3424 | D:4      | Killed Duvessa
  3427 | D:4      | Killed Dowan
  3428 | D:4      | Gained mutation: You regenerate magic rapidly. [demonic
                  | ancestry]
  3428 | D:4      | Reached XP level 7. HP: 41/54 MP: 7/7
  3564 | D:4      | Noticed a hornet
  3568 | D:4      | Paralysed by a hornet for 3 turns
  3574 | D:4      | Killed a hornet
  3989 | D:5      | Entered Level 5 of the Dungeon
  4195 | D:5      | Reached skill level 5 in Axes
  4329 | D:5      | Found a stormy altar of Qazlal.
  4545 | D:5      | Identified the +1 helmet "Xivel" {Int+5}
  4824 | D:5      | Gained mutation: You have hoof-like feet. [demonic
                  | ancestry]
  4824 | D:5      | Reached XP level 8. HP: 61/61 MP: 8/8
  4834 | D:5      | Reached *** piety under Trog
  5006 | D:6      | Found a staircase to the Ecumenical Temple.
  5061 | Temple   | Entered the Ecumenical Temple
  5268 | D:6      | Found a sacrificial altar of Ru.
  5302 | D:6      | Got Utzuqo's Compendium of Wanderlust
  5385 | D:6      | Found a transporter.
  5386 | D:6      | Found a transporter.
  5386 | D:6      | Noticed Urdicil's ghost (novice TrSh)
  5399 | D:6      | Noticed a hornet
  5450 | D:6      | Noticed a queen bee
  5476 | D:6      | Found a burning altar of Makhleb.
  5769 | D:6      | Succumbed to a queen bee's poison

Illustrated notes

Levels and vault maps discovered:
D:1:      ldierk_walled_garden, layout_basic
D:2:      layout_basic, serial_shops, nicolae_shop_just_a_little_nook
D:3:      layout_rooms, grunt_temple_overflow_cloverleaf,
          minmay_misc_feat_enclosed, uniq_terence
D:4:      layout_basic, nzn_wu_jian_council_hall, uniq_duvessa
D:5:      minmay_opposing_rooms, layout_cave_pools,
          mainiacjoe_overflow_cross_hatched
D:6:      layout_basic, kennysheep_little_box, mainiacjoe_overflow_brackets,
          nicolae_ru_sacrificial_ziggurat, temple_doors_cd, gammafunk_ghost_hive
Temple:   nicolae_temple_slightly_damp_pantheon

Skill      XL: |  1  2  3  4  5  6  7  8 |
---------------+-------------------------+-----
Axes           | 3 4 5 |  5.8
Dodging        | 2 3 |  3.3
Armour         | 2 3 4 |  4.3
Stealth        | 1 2 |  2.8
Unarmed Combat | 1 2 |  2.4
Throwing       | 1 2 |  2.2
Short Blades   | 1 2 |  2.3
Ranged Weapons | 1 2 |  2.2
Fighting       | 4 |  4.7

Action                     |  1- 3 |  4- 6 |  7- 9 || total
---------------------------+-------+-------+-------++-------
  Melee: Hand axe          |   110 |    95 |   134 ||   339
         Kick              |    21 |    33 |    29 ||    83
         Punch             |       |     2 |       ||     2
 Invoke: Berserk           |     2 |     2 |     5 ||     9
    Use: Scroll            |       |       |     4 ||     4
         Potion            |       |       |     1 ||     1
   Stab: Sleeping          |     7 |       |       ||     7
 Armour: Animal skin       |    56 |     1 |       ||    57
         Ring mail         |       |    67 |   120 ||   187
  Dodge: Dodged            |    83 |    48 |    86 ||   217
